 Dungeon Crawl Stone Soup version 0.31-a0-188-g5e087ee2ca (webtiles) character file.

Game seed: 7232252229952285518

18 qw the Shooter (level 2, -4/16 HPs)
             Began as a Deep Elf Hunter on June 22, 2023.
             Slain by a gnoll
             ... wielding a +0 spear
              (6 damage)
             ... on level 1 of the Dungeon.
             The game lasted 00:00:10 (351 turns).

qw the Shooter (Deep Elf Hunter)                     Turns: 351, Time: 00:00:10

Health: -4/16      AC:  3    Str:  8    XL:     2   Next: 51%
Magic:  4/4        EV: 12    Int: 13    God:
Gold:   0          SH:  0    Dex: 18    Spells: 1/1 levels left

rFire   . . .        a - +0 shortbow
rCold   . . .        (shield currently unavailable)
rNeg    . . .        c - +0 leather armour
rPois   .            (no helmet)
rElec   .            (no cloak)
rCorr   .            (no gloves)
SInv    .            (no boots)
Will    .....        (no amulet)
Stlth   ++           (no ring)
HPRegen 0.22/turn    (no ring)
MPRegen 0.09/turn

%: no passive effects
@: no status effects
A: no striking features
a: no special abilities


You were on level 1 of the Dungeon.
You visited 1 branch of the dungeon, and saw 1 of its levels.


   Skills:
 - Level 1.5 Fighting
 + Level 6.3 Ranged Weapons
 - Level 2.4 Dodging
 - Level 1.2 Stealth


You had one spell level left.
You didn't know any spells.
Your spell library was empty.

Inventory:

Hand Weapons
 a - a +0 shortbow (weapon)
Armour
 c - a +0 leather armour (worn)
Scrolls
 b - a scroll of butterflies
 d - a scroll of identify {unknown}
 f - a scroll of revelation {unknown}
Potions
 e - a potion of haste {unknown}

Dungeon Overview and Level Annotations

Branches:
Dungeon (1/15)

Altars:


Message History

Enter note:
Enter note:
Enter note: You shoot an arrow.
The arrow barely misses the gnoll.
You shoot an arrow.
The arrow hits the gnoll but does no damage.
You shoot an arrow. The arrow hits the gnoll!
The gnoll is severely wounded.
You shoot an arrow.
The arrow hits the gnoll but does no damage.
The gnoll is severely wounded.
The gnoll hits you from afar with a +0 spear!
You shoot an arrow. The arrow closely misses the gnoll.
The gnoll closely misses you.
You shoot an arrow. The arrow barely misses the gnoll.
A rat comes into view.
The gnoll hits you from afar with a +0 spear.
You shoot an arrow.
The arrow hits the gnoll but does no damage.
The gnoll is severely wounded.
The gnoll closely misses you.
You shoot an arrow. The arrow barely misses the gnoll.
The gnoll hits you from afar with a +0 spear.
You shoot an arrow.
The arrow hits the gnoll but does no damage.
The gnoll is severely wounded.
The gnoll hits you from afar with a +0 spear.
The gnoll barely misses you.
You shoot an arrow.
The arrow hits the gnoll but does no damage.
The gnoll is heavily wounded.
The gnoll barely misses you.
You shoot an arrow.
The arrow hits the gnoll but does no damage.
The gnoll is heavily wounded.
The gnoll hits you from afar with a +0 spear.
You shoot an arrow. The arrow hits the gnoll.
The gnoll is severely wounded.
The gnoll hits you from afar with a +0 spear.
You die...

#.##..P~~~~~~~~P~.~.~..
#......~~~~~~~~~~~P~%.P.
####...~..PP~~~~~~~~~~P~
#.....~P~~~~~~~~~~~~~
##.##..%~~P~~~~~~~~~~
#...#..~.~...~~P.~~~
###..........P..~...
###.........r.)...
#######)@.g....#
##########


You could see a gnoll and a rat.

Vanquished Creatures
  3 endoplasms (D:1)
  A giant cockroach (D:1)
  A goblin (D:1)
  A hobgoblin (D:1)
  4 jackals (D:1)
  2 ball pythons (D:1)
  2 bats (D:1)
  2 rats (D:1)
16 creatures vanquished.

Notes
Turn   | Place    | Note
-------+----------+-------------------------------------------
     0 | D:1      | qw the Deep Elf Hunter began the quest for the Orb.
     0 | D:1      | Reached XP level 1. HP: 12/12 MP: 3/3
     0 | D:1      | 0 ||| qw: Version: 0.3-a-9-g12657ce
     0 | D:1      | 0 ||| qw: Game counter: 2752
     0 | D:1      | 0 ||| qw: Always use a shield: true
     0 | D:1      | 0 ||| qw: God list: Okawaru
     0 | D:1      | 0 ||| qw: Allow faded altars: false
     0 | D:1      | 0 ||| qw: Do Orc after D:15 true
     0 | D:1      | 0 ||| qw: Do second Lair branch before Depths: true
     0 | D:1      | 0 ||| qw: Lair rune preference: random
     0 | D:1      | 0 ||| qw: Plans: Normal
     0 | D:1      | 0 ||| PLANNING D:1-11
   109 | D:1      | Reached XP level 2. HP: 10/16 MP: 4/4
   184 | D:1      | Reached skill level 6 in Ranged Weapons
   348 | D:1      | HP: 2/16 [gnoll/+0 spear (5)]
   351 | D:1      | Slain by a gnoll

Levels and vault maps discovered:
D:1:      scummos_arrival_simple_fountains, layout_basic, serial_forest,
          infiniplex_forest_clump_long, infiniplex_forest_clump_C,
          infiniplex_forest_clump_C, infiniplex_forest_straight_4,
          infiniplex_forest_clump_large, chequers_big_river

Skill      XL: |  1  2 |
---------------+-------+-----
Ranged Weapons | 6 |  6.3
Fighting       | |  1.5
Dodging        | |  2.4
Stealth        | |  1.2

Action                     || total
---------------------------++-------
   Fire: Shortbow          ||    49
 Armour: Leather armour    ||     8
  Dodge: Dodged            ||    17

Table legend:
 A = Non-vault XP
 B = Vault XP
 C = Vault XP percentage of total XP
 D = Non-vault monster count
 E = Vault monster count
 F = Vault count percentage of total count
                 A         B        C        D         E       F
            +---------+---------+-------+---------+---------+-------
      Total |      27 |       0 |   0.0 |      16 |       0 |   0.0
            +---------+---------+-------+---------+---------+-------
        D:1 |      27 |       0 |   0.0 |      16 |       0 |   0.0
            +---------+---------+-------+---------+---------+-------
